 Dungeon Crawl Stone Soup version 0.23-a0-446-g036aa52 (webtiles) character file.

382 tilp the Poker (level 6, 0/41 HPs)
             Began as a Merfolk Ice Elementalist on Nov 18, 2018.
             Slain by a gnoll
             ... wielding a +0 spear
              (4 damage)
             ... on level 5 of the Dungeon.
             The game lasted 00:13:33 (5368 turns).

tilp the Poker (Merfolk Ice Elementalist)           Turns: 5368, Time: 00:13:34

Health: 0/41       AC:  3    Str:  9    XL:     6   Next: 76%
Magic:  5/9        EV: 13    Int: 16    God:
Gold:   203        SH:  0    Dex: 14    Spells: 3/9 levels left

rFire    . . .     SeeInvis .   a - +0 trident (venom)
rCold    . . .     Gourm    .   (no shield)
rNeg     . . .     Faith    .   q - +0 robe
rPois    .         Spirit   .   r - +0 helmet
rElec    .         Reflect  .   (no cloak)
rCorr    .         Harm     .   (no gloves)
MR       .....                  (no boots)
Stlth    ++........             (no amulet)
HPRegen  0.13/turn              (no ring)
MPRegen  0.11/turn              (no ring)

@: no status effects
A: change form in water, swift swim, stealthy swim
a: no special abilities


You were on level 5 of the Dungeon.
You were not hungry.

You visited 1 branch of the dungeon, and saw 5 of its levels.

You collected 203 gold pieces.

Inventory:

Hand Weapons
 a - a +0 trident of venom (weapon)
 b - a +0 hunting sling
 y - a +0 spear of flaming
 B - a +2 vampiric whip
 G - the +7 shortbow of Indomitability {freeze, rF+, unknown}
   (You found it on level 5 of the Dungeon)

   It causes projectiles fired from it to freeze those they strike, causing
   extra injury to most foes and up to half again as much damage against
   particularly susceptible opponents.
   They can also slow down cold-blooded creatures.
   It protects you from fire.
Missiles
 l - 121 stones (quivered)
 v - 28 sling bullets
Armour
 q - a +0 robe (worn)
 r - a +0 helmet (worn)
 t - a +0 leather armour
Jewellery
 p - a +4 ring of dexterity {unknown}
Scrolls
 d - 2 scrolls of noise {unknown}
 e - 7 scrolls of teleportation {unknown}
 g - 5 scrolls of identify {unknown}
 h - 2 scrolls of fog {unknown}
 m - a scroll of magic mapping {unknown}
 n - 4 scrolls of remove curse {unknown}
 s - 2 scrolls of random uselessness {unknown}
 u - a scroll of enchant weapon {unknown}
 w - 2 scrolls of enchant armour {unknown}
Potions
 f - a potion of haste {unknown}
 i - a potion of mutation {unknown}
 k - 3 potions of heal wounds
 o - 2 potions of ambrosia {unknown}
 x - a potion of resistance {unknown}
 z - a potion of berserk rage {unknown}
 A - 2 potions of brilliance {unknown}
 C - a potion of lignification {unknown}
 D - a potion of flight {unknown}
 E - a potion of might {unknown}
 F - a potion of degeneration {unknown}
Comestibles
 c - 7 rations


   Skills:
 + Level 6.8 Polearms
 - Level 2.6 Dodging
 - Level 2.1 Stealth
 - Level 2.0 Spellcasting
 - Level 0.7 Conjurations
 - Level 6.0 Ice Magic


You had 3 spell levels left.
You knew the following spells:

 Your Spells              Type           Power        Failure   Level  Hunger
a - Freeze                Ice            ###.         1%          1    #......
b - Throw Frost           Conj/Ice       ##....       8%          2    ###....
c - Ozocubu's Armour      Chrm/Ice       ##......     19%         3    ###....

Your spell library contained the following spells:

 Spells                   Type           Power        Failure   Level  Hunger
 Confusing Touch          Hex            #.....       21%         1    #......
 Confuse                  Hex            #.......     52%         3    ###....
 Gell's Gravitas          Tloc           #.........   52%         3    ###....
 Throw Icicle             Conj/Ice       ##......     45%         4    #####..
 Summon Ice Beast         Ice/Summ       ##......     52%         4    #####..
 Metabolic Englaciation   Hex/Ice        ##........   86%         5    ######.
 Petrify                  Tmut/Erth      #.......     90%         4    #####..
 Yara's Violent Unravell  Hex/Tmut       #.........   99%         5    ######.


Dungeon Overview and Level Annotations

Branches:
Dungeon (5/15)
 Temple: D:4-7

Altars:
Ashenzari
Elyvilon

Annotations:
D:4 exclusions: ogre and phantom


Message History

There is a large open door here.
There is a large open door here.
You hit the orc but do no damage.
The orc is lightly wounded.
The orc hits you but does no damage.
You completely miss the orc.
The orc is lightly wounded.
The orc hits you with a +0 club.
You hit the orc.
The orc is poisoned.
The orc is heavily wounded.
You kill the orc!
The gnoll hits you from afar with a +0 spear!
* * * LOW HITPOINT WARNING * * *
The crimson imp spits at you. The crimson imp misses you.
The crimson imp hits you.
* * * LOW HITPOINT WARNING * * *
The orc barely misses you. The gnoll hits you but does no damage.
The gnoll hits you from afar with a +0 spear.
You die...

##.########.....#####............
##'#....# #.....#####.......###..
#.......###.....#...#.....###....
#.........#.........#............
#.........#.........#............
#.........#####....##.........#..
#.........# #.5.g##.........#..
#.........# #.o..').........+..
#.........# #.@..##.........#..
##'######## #....############..
#.# ##'### ### #.# #.# #.# #.#
#.########## #.# #..........# #.#
##########.# #.# #.# #.#


You could see a gnoll, a crimson imp and an orc.

Vanquished Creatures
  2 hounds
  An orc priest (D:5)
  An orc wizard (D:4)
  2 worker ants
  Robin (D:2)
  7 gnolls
  6 adders
  2 dart slugs
  2 worms (D:3)
  6 orcs
  A ball python (D:5)
  4 giant cockroaches
  9 goblins
  10 hobgoblins
  3 jackals (D:2)
  7 kobolds
  4 quokkas
  5 bats
  5 frilled lizards
  A jackal skeleton (D:5)
  A quokka zombie (D:5)
  6 rats
86 creatures vanquished.

Notes
Turn   | Place    | Note
-------+----------+-------------------------------------------
     0 | D:1      | tilp the Merfolk Ice Elementalist began the quest for the
                  | Orb.
     0 | D:1      | Reached XP level 1. HP: 13/13 MP: 3/3
   374 | D:1      | Reached XP level 2. HP: 19/19 MP: 3/5
  1000 | D:2      | Learned a level 2 spell: Throw Frost
  1089 | D:2      | Reached XP level 3. HP: 20/24 MP: 2/6
  1094 | D:2      | Learned a level 3 spell: Ozocubu's Armour
  1484 | D:2      | Reached skill level 5 in Ice Magic
  1548 | D:2      | Noticed Robin
  1688 | D:2      | Killed Robin
  1688 | D:2      | Reached XP level 4. HP: 30/30 MP: 2/7
  2707 | D:3      | Reached skill level 1 in Polearms
  3047 | D:3      | Reached XP level 5. HP: 27/35 MP: 2/8
  4282 | D:4      | Found a white marble altar of Elyvilon.
  4334 | D:4      | Noticed a phantom
  4356 | D:4      | Noticed an ogre
  4506 | D:4      | Reached XP level 6. HP: 38/41 MP: 3/9
  4619 | D:4      | Reached skill level 5 in Polearms
  4850 | D:5      | Entered Level 5 of the Dungeon
  5291 | D:5      | Got an iridescent shortbow
  5297 | D:5      | Found a shattered altar of Ashenzari.
  5328 | D:5      | HP: 2/41 [gnoll/+0 spear (3)]
  5368 | D:5      | Slain by a gnoll

Vault maps used:
D:1:      dpeg_arrival_round_b
D:2:      first_ration, uniq_robin
D:4:      kb_forest_paths, hangedman_decor_diamond_cutter, elyvilon_altar_5
D:5:      temple_fountains, basic_altar, kennysheep_generic_room_3

Skill      XL: |  1  2  3  4  5  6 |
---------------+-------------------+-----
Ice Magic      | 4 5 6 |  6.0
Polearms       | 2 4 6 |  6.8
Dodging        | |  2.6
Stealth        | |  2.1
Spellcasting   | |  2.0
Conjurations   | |  0.7

Action                   |  1- 3 |  4- 6 || total
-------------------------+-------+-------++-------
Melee: Trident           |       |   115 ||   115
 Fire: Hunting sling     |       |     6 ||     6
Throw: Stone             |       |     4 ||     4
 Cast: Freeze            |    46 |    44 ||    90
       Throw Frost       |     2 |     4 ||     6
       Ozocubu's Armour  |       |     6 ||     6
  Use: Potion            |       |     1 ||     1
 Stab: Sleeping          |       |     6 ||     6
  Eat: Chunk             |     3 |    14 ||    17
Armor: Robe              |     7 |    24 ||    31
Dodge: Dodged            |    20 |    89 ||   109

Table legend:
 A = Non-vault XP
 B = Vault XP
 C = Vault XP percentage of total XP
 D = Non-vault monster count
 E = Vault monster count
 F = Vault count percentage of total count
                 A         B        C        D         E       F
            +---------+---------+-------+---------+---------+-------
      Total |     439 |     108 |  19.7 |      72 |      14 |  16.3
            +---------+---------+-------+---------+---------+-------
        D:1 |      23 |       0 |   0.0 |      15 |       0 |   0.0
        D:2 |      53 |      29 |  35.4 |      17 |       8 |  32.0
        D:3 |      76 |       0 |   0.0 |      15 |       0 |   0.0
        D:4 |     118 |      79 |  40.1 |      13 |       6 |  31.6
        D:5 |     169 |       0 |   0.0 |      12 |       0 |   0.0
            +---------+---------+-------+---------+---------+-------
